 Dungeon Crawl Stone Soup version 0.19-a0-958-gd69d43c (webtiles) character file.

252 AlphabetPasta the Chopper (level 6, -6/48 HPs)
             Began as a Formicid Berserker on July 11, 2016.
             Was a Believer of Trog.
             Mangled by an ogre
             ... wielding a +0 giant club
              (16 damage)
             ... on level 4 of the Dungeon.
             The game lasted 00:08:54 (2397 turns).

AlphabetPasta the Chopper (Formicid Berserker)      Turns: 2397, Time: 00:08:55

Health: -6/48      AC:  6    Str: 21    XL:     6   Next: 36%
Magic:  6/6        EV: 11    Int:  7    God:    Trog [**....]
Gold:   167        SH:  0    Dex: 12    Spells: 0 memorised, 5 levels left

rFire  . . .     SeeInvis +     a - +0 hand axe
rCold  . . .     Gourm    .     e - +0 scale mail
rNeg   . . .     Faith    .     (no shield)
rPois  .         Spirit   .     (helmet unavailable)
rElec  .         Dismiss  .     (no cloak)
rCorr  .         Reflect  .     (no gloves)
SustAt .         Harm     .     (no boots)
MR     .....                    (no amulet)
Stlth  ..........               (no ring)
                                (no ring)

@: not resistant to hostile enchantments, extremely unstealthy
A: permanent stasis, dig shafts and tunnels, four strong arms, antennae 3
a: Dig, Shaft Self, Trog's Hand, Burn Spellbooks, Renounce Religion


You were on level 4 of the Dungeon.
You worshipped Trog.
Trog was pleased with you.
You were not hungry.

You visited 1 branch of the dungeon, and saw 4 of its levels.

You collected 167 gold pieces.

Inventory:

Hand Weapons
 a - a +0 hand axe (weapon)
 n - a +0 battleaxe
Missiles
 d - 2 javelins (quivered)
Armour
 b - a +0 animal skin
 e - a +0 scale mail (worn)
Scrolls
 f - 2 scrolls of random uselessness {unknown}
 g - 3 scrolls of identify {unknown}
 i - a scroll of magic mapping {unknown}
 k - a scroll of fog {unknown}
 p - a scroll of teleportation {unknown}
Potions
 h - 4 potions of cancellation {unknown}
 j - a potion of brilliance {unknown}
 l - a potion of might {unknown}
 q - a potion of curing {unknown}
 r - a potion of haste {unknown}
 t - a potion of heal wounds {unknown}
Comestibles
 c - 2 bread rations
 m - a meat ration
 o - 2 chunks of flesh
 s - a royal jelly
 u - 4 fruits


   Skills:
 + Level 4.0 Fighting
 * Level 4.4 Axes
 + Level 2.2 Throwing
 + Level 3.5 Armour
 + Level 2.9 Dodging


You had 5 spell levels left.
You didn't know any spells.

Dungeon Overview and Level Annotations

Branches:
Dungeon (4/15)
 Temple: D:4-7

Altars:
Cheibriados
Fedhas
Gozag
Nemelex Xobeh
Ru
Sif Muna
Trog
Uskayaw


Innate Abilities, Weirdness & Mutations

You are under a permanent stasis effect.
You can dig through walls and to a lower floor.
Your four strong arms can wield two-handed weapons with a shield.
You have a pair of large antennae on your head. (SInv)


Message History

The ogre hits you with a giant club!!
You hit the ogre.
The ogre is heavily wounded.
The ogre closely misses you.
You hit the ogre.
The ogre is heavily wounded.
The ogre hits you with a giant club!
* * * LOW HITPOINT WARNING * * *
You hit the ogre.
The ogre is severely wounded.
The ogre closely misses you.
You hit the ogre.
The ogre is severely wounded.
You hit the ogre.
The ogre is almost dead.
The ogre misses you.
You hit the ogre but do no damage.
The ogre is almost dead.
The ogre hits you with a giant club!
You die...

#.#######
#....O.# #@#
#.# #.# #.#
##.#.##
#<....#
..........#.#
#######.....#
##.#.##


You could see an ogre.

Vanquished Creatures
  Grinder (D:3)
  2 adders
  An ooze (D:3)
  A worm (D:2)
  2 giant geckos
  A ball python (D:1)
  2 giant cockroaches
  5 goblins
  4 hobgoblins
  7 jackals (D:3)
  4 bats
  3 giant newts
  5 kobolds
  3 rats
41 creatures vanquished.

Notes
Turn   | Place    | Note
-------+----------+-------------------------------------------
     0 | D:1      | AlphabetPasta the Formicid Berserker began the quest for the Orb.
     0 | D:1      | Reached XP level 1. HP: 18/18 MP: 1/1
   141 | D:1      | Reached XP level 2. HP: 20/24 MP: 2/2
   878 | D:2      | Reached XP level 3. HP: 21/29 MP: 3/3
  1098 | D:2      | Found a snail-covered altar of Cheibriados.
  1102 | D:2      | Found a hide-covered altar of Uskayaw.
  1102 | D:2      | Found a sacrificial altar of Ru.
  1113 | D:2      | Found a bloodstained altar of Trog.
  1117 | D:2      | Found an opulent altar of Gozag.
  1671 | D:3      | Reached ** piety under Trog
  1753 | D:3      | Reached skill level 1 in Throwing
  1757 | D:3      | Reached XP level 4. HP: 25/35 MP: 4/4
  1783 | D:3      | Found a blossoming altar of Fedhas.
  1783 | D:3      | Found a sparkling altar of Nemelex Xobeh.
  1824 | D:3      | Noticed Grinder
  1845 | D:3      | Killed Grinder
  1845 | D:3      | Reached XP level 5. HP: 13/42 MP: 5/5
  1845 | D:3      | Reached XP level 6. HP: 15/48 MP: 6/6
  2250 | D:3      | Found a deep blue altar of Sif Muna.
  2387 | D:4      | Noticed an ogre
  2397 | D:4      | Mangled by an ogre

Vault maps used:
D:1:      dpeg_arrival_boxorama
D:2:      minmay_overflow_temple_star_hex, minmay_tromino_v4_a
D:3:      led_sif_pool, grunt_temple_overflow_open, first_bread, uniq_grinder
D:4:      uniq_crazy_yiuf_cottage, uniq_sigmund

Skill      XL: |  1  2  3  4 |
---------------+-------------+-----
Dodging        | 2 |  2.9
Throwing       | 1 2 |  2.2
Fighting       | 4 |  4.0
Axes           | 4 |  4.4
Armour         | 3 |  3.5

Action                   |  1- 3 |  4- 6 || total
-------------------------+-------+-------++-------
Melee: Hand axe          |    98 |    45 ||   143
       Battleaxe         |    26 |       ||    26
Throw: Javelin           |    14 |     2 ||    16
Invok: Trog's Hand       |       |     1 ||     1
  Eat: Chunk             |     3 |     2 ||     5
Armor: Scale mail        |    63 |    11 ||    74
Dodge: Dodged            |    74 |    26 ||   100
